 Dungeon Crawl Stone Soup version 0.21.1-1-g345015f (webtiles) character file.

426 Supreme the Chiller (level 6, 0/44 HPs)
             Began as a Merfolk Ice Elementalist on Apr 12, 2018.
             Slain by a sky beast (6 damage)
             ... on level 5 of the Dungeon on Apr 13, 2018.
             The game lasted 00:35:18 (2519 turns).

Supreme the Chiller (Merfolk Ice Elementalist)      Turns: 2519, Time: 00:35:18

Health: 0/44       AC:  3    Str:  8    XL:     6   Next: 97%
Magic:  4/11       EV: 13    Int: 14    God:
Gold:   188        SH:  0    Dex: 17    Spells: 6/12 levels left

rFire    . . .     SeeInvis .   h - +0 spear
rCold    . . .     Gourm    .   (no shield)
rNeg     . . .     Faith    .   a - +0 robe
rPois    .         Spirit   .   t - +0 helmet
rElec    .         Reflect  .   (no cloak)
rCorr    .         Harm     .   (no gloves)
MR       .....     Rnd*Tele +   (no boots)
Stlth    ++........             (no amulet)
HPRegen  0.14/turn              A - ring of teleportation (curse)
MPRegen  0.12/turn              (no ring)

@: no status effects
A: change form in water, swift swim, stealthy swim
a: no special abilities


You were on level 5 of the Dungeon.
You were not hungry.

You visited 1 branch of the dungeon, and saw 5 of its levels.

You collected 188 gold pieces.

Inventory:

Hand Weapons
 d - a +0 mace
 e - a +0 short sword
 h - a +0 spear (weapon)
 i - a cursed +0 hunting sling
 o - a +0 spear
 z - a +0 rapier
 B - a +1 short sword of electrocution
Missiles
 j - 33 arrows
 u - 11 poisoned needles
Armour
 a - a +0 robe (worn)
 f - a +0 shield
 t - a +0 helmet (worn)
Magical Staves
 y - an uncursed staff of fire
Jewellery
 A - a cursed ring of teleportation (left hand)
Scrolls
 k - 2 scrolls of identify {unknown}
 n - a scroll of fear {unknown}
 p - a scroll of blinking {unknown}
 r - a scroll of enchant weapon {unknown}
 v - 3 scrolls of amnesia {unknown}
 w - a scroll of enchant armour {unknown}
Potions
 g - a potion of might {unknown}
 l - a potion of resistance {unknown}
 m - a potion of haste {unknown}
 q - a potion of ambrosia {unknown}
 s - 2 potions of flight {unknown}
 x - 2 potions of curing {unknown}
Books
 b - a book of Frost

   Spells                             Type                      Level
   a - Freeze                         Ice                          1
   b - Throw Frost                    Conjuration/Ice              2
   c - Ozocubu's Armour               Charms/Ice                   3
   d - Throw Icicle                   Conjuration/Ice              4
   e - Summon Ice Beast               Ice/Summoning                4
Comestibles
 c - 8 rations


   Skills:
 + Level 2.1 Fighting
 * Level 3.4 Polearms
 + Level 3.1 Dodging
 + Level 3.2 Stealth
 + Level 3.9 Spellcasting
 + Level 1.9 Conjurations
 + Level 4.8 Ice Magic


You had 6 spell levels left.
You knew the following spells:

 Your Spells              Type           Power        Failure   Level  Hunger
a - Freeze                Ice            ###.         2%          1    None
b - Throw Frost           Conj/Ice       ##....       7%          2    ##.....
c - Ozocubu's Armour      Chrm/Ice       #.......     22%         3    ###....


Dungeon Overview and Level Annotations

Branches:
Dungeon (5/15)             Temple (0/1) D:4

Altars:
Ashenzari
Elyvilon
Makhleb
Qazlal
Vehumet
Wu Jian
Xom
Zin

Annotations:
D:3 exclusion: downstairs
D:4 Blork the orc


Message History

You kill the giant cockroach!
You see here a giant cockroach corpse.
You butcher the giant cockroach corpse.
C - a chunk of flesh Eat a chunk of flesh? (ye/n/q)
You eat the chunk of flesh.
This raw flesh tastes terrible.
The sky beast flickers out of sight!
Deactivating autopickup; reactivate with Ctrl-A.
Something hits you. Something shocks you.
* * * LOW HITPOINT WARNING * * *
A sky beast appears from thin air!
Reactivating autopickup.
There is an open door here.
Press: ? - help, v - describe, . - travel
Here: a sky beast The floor.
The sky beast hits you.
* * * LOW HITPOINT WARNING * * *
The sky beast shocks you.
You die...

....#......##......#.............
....#......##......#.............
....#.......#......'.............
....#.......#......#.............
....#.......#......#.............
....#......####'####.............
....#......# #...#.....##########
....#....... #...#.....#
....#........#..@#.....#
....#........#...Y.....#
....#........#...#.....#
....#......!.#...#.....# ....#
#####.....# ##### #######


You could see a sky beast.

Vanquished Creatures
  3 howler monkeys
  A jelly (D:5)
  4 crimson imps
  A worker ant (D:5)
  An orc wizard (D:4)
  A worker ant zombie (D:5)
  3 adders
  A gnoll (D:4)
  An adder skeleton (D:5)
  A worm (D:3)
  A dart slug (D:3)
  3 orcs (D:4)
  A ball python (D:1)
  4 bats
  A giant cockroach (D:5)
  5 goblins (D:1)
  4 hobgoblins
  3 jackals (D:1)
  A quokka (D:3)
  3 frilled lizards
  3 kobolds
  4 rats
50 creatures vanquished.

Notes
Turn   | Place    | Note
-------+----------+-------------------------------------------
     0 | D:1      | Supreme the Merfolk Ice Elementalist began the quest for the Orb.
     0 | D:1      | Reached XP level 1. HP: 13/13 MP: 3/3
   114 | D:2      | Found a shimmering altar of Xom.
   115 | D:2      | Found a shimmering altar of Xom.
   262 | D:1      | Reached XP level 2. HP: 12/19 MP: 0/5
   266 | D:1      | Learned a level 2 spell: Throw Frost
   625 | D:1      | Reached skill level 1 in Polearms
   806 | D:2      | Found a stormy altar of Qazlal.
   885 | D:2      | Reached XP level 3. HP: 25/25 MP: 1/6
  1117 | D:2      | You fall through a shaft for 2 floors!
  1135 | D:4      | Reached skill level 1 in Conjurations
  1137 | D:4      | Noticed Blork the orc
  1476 | D:3      | Reached skill level 4 in Ice Magic
  1476 | D:3      | Reached XP level 4. HP: 31/31 MP: 1/8
  1527 | D:3      | Reached XP level 5. HP: 10/36 MP: 0/10
  1550 | D:3      | Learned a level 3 spell: Ozocubu's Armour
  1741 | D:3      | Found a glowing silver altar of Zin.
  1913 | D:4      | Found a burning altar of Makhleb.
  1923 | D:4      | Found a radiant altar of Vehumet.
  1934 | D:4      | Reached skill level 1 in Fighting
  1997 | D:4      | Found a white marble altar of Elyvilon.
  2002 | D:4      | Found an ornate altar of the Wu Jian Council.
  2006 | D:4      | Found a shattered altar of Ashenzari.
  2060 | D:4      | Found a staircase to the Ecumenical Temple.
  2075 | D:4      | Reached XP level 6. HP: 9/44 MP: 0/11
  2092 | D:5      | Entered Level 5 of the Dungeon
  2158 | D:5      | Noticed a sky beast
  2442 | D:5      | Noticed a sky beast
  2519 | D:5      | Slain by a sky beast

Skill      XL: |  1  2  3  4  5  6 |
---------------+-------------------+-----
Polearms       | 1 2 3 |  3.4
Conjurations   | 1 |  1.9
Spellcasting   | 3 |  3.9
Ice Magic      | 4 |  4.8
Fighting       | 2 |  2.1
Dodging        | 3 |  3.1
Stealth        | 3 |  3.2

Action                   |  1- 3 |  4- 6 || total
-------------------------+-------+-------++-------
Melee: Spear             |    44 |    68 ||   112
       Short sword       |     6 |       ||     6
 Cast: Freeze            |    29 |    24 ||    53
       Throw Frost       |     9 |    25 ||    34
       Ozocubu's Armour  |       |     3 ||     3
 Stab: Sleeping          |    11 |     2 ||    13
  Eat: Chunk             |     2 |     6 ||     8
Armor: Robe              |     6 |    12 ||    18
Dodge: Dodged            |    42 |    47 ||    89
